 Dungeon Crawl Stone Soup version 0.20.1-1-g8b1a95d (webtiles) character file.

7503 jmlagarto the Whirler (level 11, -8/70 HPs)
             Began as a Halfling Hunter on Sept 13, 2017.
             Was a High Priest of Okawaru.
             Mangled by a yak (9 damage)
             ... on level 10 of the Dungeon.
             The game lasted 00:14:12 (9247 turns).

jmlagarto the Whirler (Halfling Hunter)             Turns: 9247, Time: 00:14:12

Health: -8/70      AC:  5    Str: 13    XL:     11   Next: 38%
Magic:  9/11       EV: 26    Int:  9    God:    Okawaru [*****.]
Gold:   513        SH:  0    Dex: 19    Spells: 10/10 levels left

rFire    . . .     SeeInvis .   a - +4 hunting sling
rCold    + . .     Gourm    .   (shield restricted)
rNeg     . . .     Faith    +   t - +1 leather armour {rC+}
rPois    .         Spirit   .   (no helmet)
rElec    .         Reflect  .   (no cloak)
rCorr    .         Harm     .   (no gloves)
MR       .....                  (no boots)
Stlth    ++++......             y - amulet of faith
Regen    0.3/turn               (no ring)
MPRegen  0.2/turn               C - +3 ring of evasion

@: about to teleport, heroism
A: talons 1, frail 1, mutation resistance 1
a: Heroism, Finesse, Renounce Religion


You were on level 10 of the Dungeon.
You worshipped Okawaru.
Okawaru was extremely pleased with you.
You were not hungry.

You visited 2 branches of the dungeon, and saw 11 of its levels.

You collected 513 gold pieces.

Inventory:

Hand Weapons
 a - a +4 hunting sling (weapon)
 b - a +1 dagger of venom
 f - a +3 quarterstaff of pain
 i - a +0 dagger of venom
Missiles
 j - 381 stones
 p - 18 sling bullets (quivered)
Armour
 t - a +1 leather armour of cold resistance (worn)
Jewellery
 l - an uncursed ring of magical power
 y - an amulet of faith (around neck)
 C - a +3 ring of evasion (right hand)
 K - a cursed amulet of inaccuracy {unknown}
Wands
 d - a wand of lightning (12/15)
 z - a wand of digging (17/24)
 B - a wand of lightning (10/15)
 D - a wand of polymorph (9/24)
 E - a wand of flame (12/48)
 G - a wand of confusion (16/48)
Scrolls
 e - 7 scrolls of identify
 h - a scroll of teleportation
 k - a scroll of random uselessness
 m - a scroll of immolation
 o - 4 scrolls of enchant armour
 q - 3 scrolls of recharging
 u - a scroll of magic mapping
 w - 2 scrolls of remove curse
 A - a scroll of acquirement {unknown}
 J - a scroll of torment {unknown}
 M - 3 scrolls of amnesia {unknown}
Potions
 c - 4 potions of mutation
 r - 7 potions of brilliance
 v - 3 potions of curing
 x - 2 potions of lignification
 F - a potion of agility {unknown}
 H - a potion of resistance {unknown}
Comestibles
 g - 7 meat rations
 n - a royal jelly
 s - 24 fruits
 L - 2 bread rations


   Skills:
 + Level 8.8(13.8) Fighting
 + Level 16.9(21.9) Slings
 + Level 4.4(9.4) Armour
 + Level 5.2(10.2) Dodging
 + Level 3.9(8.9) Stealth
 + Level 0.4 Evocations


You had 10 spell levels left.
You didn't know any spells.

Dungeon Overview and Level Annotations

Branches:
Dungeon (10/15)            Temple (1/1) D:4             Orc (0/2) D:10
   Lair: D:8-11

Altars:
Ashenzari
Cheibriados
Dithmenos
Elyvilon
Fedhas
Gozag
Hepliaklqana
Kikubaaqudgha
Makhleb
Nemelex Xobeh
Okawaru
Qazlal
Ru
Sif Muna
Trog
Uskayaw
Vehumet
Xom
Yredelemnul
Zin
The Shining One

Shops:
D:5 ::[   D:7 *


Innate Abilities, Weirdness & Mutations

You are small and have problems with some larger weapons.
You are somewhat resistant to further mutation.
You have sharp toenails.
You are frail. (-10% HP)


Message History

The yak gores you! x2
You are too injured to fight recklessly!
You are too injured to fight recklessly!
You are too injured to fight recklessly!
You gain the combat prowess of a mighty hero.
The yak completely misses you. The yak misses you. The yak closely misses you.
The yak completely misses you.
You fail to use your ability.
The yak completely misses you. The yak barely misses you. The yak gores you!
* * * LOW HITPOINT WARNING * * *
The yak gores you!
* * * LOW HITPOINT WARNING * * *
You feel much better. The yak closely misses you. The yak gores you!
* * * LOW HITPOINT WARNING * * *
The yak completely misses you. The yak closely misses you.
As you read the scroll of teleportation, it crumbles to dust.
You feel strangely unstable. The yak gores you!
* * * LOW HITPOINT WARNING * * *
The yak gores you!
You die...

............##.......... ....#
......##....##....##...( .....#
......##..........##.... .....#
.......................# .....#
..##..............(....##.....#
..##..........................#
...........).....(............#
.................).((....##...#
..............>.@Y((.....##...#
...............YYY((......=...#
.................)).(.(.......#
.............###(..).(((......#
.....................(((......#
.....[.................(......#
........##..........##........#
........##....##....##.(......#
..[...........##.....ยง.....)..#


You could see 4 yaks.

Vanquished Creatures
  3 two-headed ogres
  An unseen horror (D:10)
  A gargoyle (D:9)
  2 trolls (D:8)
  2 hippogriffs
  Sigmund (D:3)
  2 yaks (D:10)
  2 hungry ghosts
  A steam dragon (D:10)
  Menkaure (D:6)
  A black bear (D:7)
  2 sky beasts
  4 orc warriors
  2 necrophages (D:8)
  2 phantoms
  2 ogres (D:10)
  A big kobold (D:9)
  6 bullfrogs
  A water moccasin zombie (D:8)
  A scorpion (D:7)
  A water moccasin skeleton (D:10)
  2 howler monkeys
  A crimson imp (D:8)
  4 hounds
  5 orc priests (D:10)
  2 jellies (D:10)
  6 orc wizards
  A centaur skeleton (D:10)
  An iguana (D:4)
  Crazy Yiuf (D:3)
  Ijyb (D:3)
  10 worker ants
  3 hound zombies
  2 hound skeletons (D:4)
  15 adders
  4 shadow imps
  2 oozes
  An adder zombie (D:5)
  A worm (D:3)
  A dart slug (D:3)
  6 leopard geckos
  30 orcs
  7 bats
  3 giant cockroaches (D:3)
  8 goblins
  8 hobgoblins
  19 jackals
  4 quokkas
  6 frilled lizards
  8 kobolds
  A quokka skeleton (D:8)
  A quokka zombie (D:8)
  2 rats (D:2)
  A rat zombie (D:8)
206 creatures vanquished.

Notes
Turn   | Place    | Note
-------+----------+-------------------------------------------
     0 | D:1      | jmlagarto the Halfling Hunter began the quest for the Orb.
     0 | D:1      | Reached XP level 1. HP: 14/14 MP: 1/1
    46 | D:1      | Reached skill level 6 in Slings
   106 | D:1      | Reached XP level 2. HP: 19/19 MP: 2/2
   208 | D:1      | Reached XP level 3. HP: 24/24 MP: 3/3
   439 | D:1      | Reached skill level 7 in Slings
  1017 | D:2      | Reached XP level 4. HP: 29/29 MP: 4/4
  1180 | D:3      | Noticed Ijyb
  1202 | D:3      | Killed Ijyb
  1202 | D:3      | Reached XP level 5. HP: 27/35 MP: 5/5
  1353 | D:3      | Found a runed door.
  1357 | D:3      | Noticed Crazy Yiuf
  1362 | D:3      | Killed Crazy Yiuf
  1362 | D:3      | Reached skill level 8 in Slings
  1406 | D:3      | Noticed Sigmund
  1422 | D:3      | Killed Sigmund
  1422 | D:3      | Reached skill level 9 in Slings
  1422 | D:3      | Reached skill level 1 in Armour
  1422 | D:3      | Reached XP level 6. HP: 23/41 MP: 6/6
  1616 | D:3      | Found a shimmering altar of Xom.
  1621 | D:3      | Found a shimmering altar of Xom.
  1622 | D:3      | Found a shimmering altar of Xom.
  1622 | D:3      | Found a shimmering altar of Xom.
  1622 | D:3      | Found a shimmering altar of Xom.
  1623 | D:3      | Found a shimmering altar of Xom.
  1624 | D:3      | Found a shimmering altar of Xom.
  1707 | D:3      | Found an opulent altar of Gozag.
  2107 | D:4      | Reached XP level 7. HP: 46/46 MP: 7/7
  2194 | D:4      | Found a staircase to the Ecumenical Temple.
  2232 | Temple   | Entered the Ecumenical Temple
  2383 | Temple   | Became a worshipper of Warmaster Okawaru
  2494 | D:4      | Found a sparkling altar of Nemelex Xobeh.
  2502 | D:4      | Reached skill level 10 in Slings
  2654 | D:5      | Entered Level 5 of the Dungeon
  3108 | D:5      | Reached skill level 11 in Slings
  3175 | D:5      | Found Ahawn's Book Shop.
  3199 | D:5      | Found Niupi's Book Shoppe.
  3214 | D:5      | Reached XP level 8. HP: 54/54 MP: 8/8
  3234 | D:5      | Reached * piety under Okawaru
  3277 | D:5      | Found a glowing silver altar of Zin.
  3332 | D:5      | Found Ukul's Antique Armour Emporium.
  3533 | D:6      | Noticed Menkaure
  3537 | D:6      | Killed Menkaure
  3776 | D:6      | Reached skill level 12 in Slings
  4090 | D:7      | Reached ** piety under Okawaru
  4194 | D:7      | Reached skill level 13 in Slings
  4304 | D:7      | Reached XP level 9. HP: 51/59 MP: 9/9
  4323 | D:7      | Gained mutation: You are frail. (-10% HP) [potion of mutation]
  4323 | D:7      | Gained mutation: You have sharp toenails. [potion of mutation]
  4714 | D:7      | Found Omakik's Assorted Antiques.
  4941 | D:7      | Reached skill level 5 in Fighting
  5143 | D:7      | Reached skill level 14 in Slings
  5355 | D:8      | Reached *** piety under Okawaru
  5480 | D:8      | Noticed a two-headed ogre
  5486 | D:8      | Noticed a two-headed ogre
  5490 | D:8      | Killed a two-headed ogre
  5490 | D:8      | Received a gift from Okawaru
  5490 | D:8      | Reached **** piety under Okawaru
  5490 | D:8      | Received a gift from Okawaru
  5511 | D:8      | Killed a two-headed ogre
  5511 | D:8      | Reached skill level 15 in Slings
  5511 | D:8      | Reached XP level 10. HP: 6/62 MP: 10/10
  6062 | D:8      | Received a gift from Okawaru
  6391 | D:8      | Received a gift from Okawaru
  6592 | D:9      | Noticed a gargoyle
  6612 | D:9      | Killed a gargoyle
  6891 | D:9      | Reached ***** piety under Okawaru
  6903 | D:9      | Found a snail-covered altar of Cheibriados.
  7490 | D:9      | Noticed a two-headed ogre
  7502 | D:9      | Killed a two-headed ogre
  7502 | D:9      | Reached skill level 16 in Slings
  7758 | D:10     | Entered Level 10 of the Dungeon
  7777 | D:10     | Reached XP level 11. HP: 69/69 MP: 11/11
  8093 | D:10     | Reached skill level 5 in Dodging
  8449 | D:10     | Received a gift from Okawaru
  8453 | D:10     | Found a staircase to the Orcish Mines.
  8769 | D:10     | Killed an unseen horror
  8928 | D:10     | Found a sparkling altar of Nemelex Xobeh.
  9245 | D:10     | HP: 3/70 [yak (14)]
  9247 | D:10     | HP: 1/70 [yak (13)]
  9247 | D:10     | Mangled by a yak

Skill      XL: |  1  2  3  4  5  6  7  8  9 10 11 |
---------------+----------------------------------+-----
Slings         | 6 7 9 11 13 15 16 | 16.9
Fighting       | 2 3 4 6 7 8 |  8.8
Armour         | 1 2 3 4 |  4.4
Stealth        | 2 3 |  3.9
Dodging        | 3 4 5 |  5.2
Evocations     | |  0.4

Action                   |  1- 3 |  4- 6 |  7- 9 | 10-12 || total
-------------------------+-------+-------+-------+-------++-------
Melee: Hunting sling     |       |       |     3 |       ||     3
 Fire: Hunting sling     |    90 |   152 |   339 |   301 ||   882
Invok: Heroism           |       |       |       |     1 ||     1
Evoke: Wand              |       |       |       |     1 ||     1
  Use: Scroll            |     5 |     1 |     1 |     7 ||    14
       Potion            |       |       |     6 |     5 ||    11
  Eat: Bread ration      |       |     2 |     1 |     2 ||     5
       Fruit             |       |       |     2 |       ||     2
       Royal jelly       |       |       |       |     1 ||     1
Armor: Leather armour    |    10 |     6 |    10 |    17 ||    43
       Skin              |       |       |       |    14 ||    14
Dodge: Dodged            |    22 |    27 |    36 |    86 ||   171
